 Dungeon Crawl Stone Soup version 0.29.1-12-g30fa7ad0bf (webtiles) character file.

Game seed: 10936621187868473808

5 hawla the Chiller (level 2, 0/20 HPs)
             Began as a Meteoran Ice Elementalist on Jan 1, 2023.
             Slain by a kobold
             ... wielding a +0 short sword
              (4 damage)
             ... on level 3 of the Dungeon.
             The game lasted 00:01:44 (164 turns).

hawla the Chiller (Meteoran Ice Elementalist)        Turns: 164, Time: 00:01:45

Health: 0/20       AC:  2    Str:  9    XL:     2   Next: 5%
Magic:  6/6        EV: 12    Int: 16    God:
Gold:   4          SH:  0    Dex: 14    Spells: 5/6 levels left

rFire   . . .      SeeInvis .   (no weapon)
rCold   . . .      Faith    .   (no shield)
rNeg    . . .      Spirit   .   a - +0 robe
rPois   .          Reflect  .   (no helmet)
rElec   .          Harm     .   (no cloak)
rCorr   .          Rampage  .   (no gloves)
Will    .....                   (no boots)
Stlth   +.........              (no amulet)
HPRegen 0.06/turn               (no ring)
MPRegen 0.10/turn               (no ring)

@: brilliant, glowing
A: sense surroundings 1, otherworldly, glowing, explore regen
a: no special abilities


You were on level 3 of the Dungeon.
You visited 1 branch of the dungeon, and saw 3 of its levels.

You collected 4 gold pieces.

Inventory:

Armour
 a - a +0 robe (worn)
Potions
 b - a potion of magic


   Skills:
 + Level 2.4 Dodging
 - Level 1.4 Stealth
 + Level 2.7 Spellcasting
 + Level 4.6 Ice Magic


You had 5 spell levels left.
You knew the following spells:

 Your Spells              Type           Power      Damage    Failure   Level
a - Freeze                Ice            100%       1d11      2%          1

Your spell library contained the following spells:

 Spells                   Type           Power      Damage    Failure   Level
 Frozen Ramparts          Ice            50%        1d8       9%          3
 Ozocubu's Armour         Ice            25%        N/A       9%          3
 Hailstorm                Conj/Ice       14%        3d5       58%         4


Dungeon Overview and Level Annotations

Branches:
Dungeon (3/15) Zot: 1636

Altars:

Shops:
D:1 :


Innate Abilities, Weirdness & Mutations

You passively map a small area around you.
You are easily found by Zot.
You glow in the dark.
You regain HP and MP as you explore.


Message History

You barely miss the kobold. The kobold hits you but does no damage.
Casting: Freeze (safe; 3% risk of failure)
Confirm with . or Enter, or press ? or * to list all spells.
Aiming: Freeze (safe; 3% risk of failure)
Press: ? - help, Shift-Dir - straight line, f - kobold
Aim: a kobold, wielding a +0 short sword and quivering stones You freeze the kobold.
The kobold is heavily wounded.
The kobold barely misses you.
Casting: Freeze (safe; 3% risk of failure)
Confirm with . or Enter, or press ? or * to list all spells.
Aiming: Freeze (safe; 3% risk of failure)
Press: ? - help, Shift-Dir - straight line, f/p - kobold
Aim: a kobold, wielding a +0 short sword and quivering stones (heavily wounded)
You freeze the kobold.
You kill the kobold!
You have reached level 2!
You climb downwards.
The kobold shouts!
Found 8 gold pieces and 8 stones.
Found a stone staircase leading up.
There is a stone staircase leading up here.
A phantom comes into view.
The orc attacks as you move away! The orc completely misses you.
You aren't carrying any scrolls.
You are too injured to fight recklessly!
It was a potion of brilliance.
You feel clever all of a sudden. The orc misses you.
The orc hits you with a +2 vampiric hand axe.
* * * LOW HITPOINT WARNING * * *
You open the door. The orc closely misses you.
There is an open door here.
The kobold attacks as you move away! The kobold closely misses you.
The kobold attacks as you move away! The kobold completely misses you.
The kobold attacks as you move away!
The kobold hits you with a +0 short sword.
* * * LOW HITPOINT WARNING * * *
The kobold attacks as you move away!
The kobold hits you with a +0 short sword.
You die...

, , .. , ### ... ,#### * ,
, ...., #.#......... .....
#.#.........
,,.....########.#.........
...........##.#.<.......
...........##.#......... ,
.......@Ko.W............
...........##........... *
...........##.....<..... ,
.....#####.##.$......... *
* .....,* #+##...........
.... #(.......... ...,,,*
* , #.#......... #.. , *
,#.######.#.# , * ,#.#
.#..


You could see a phantom, an orc and a kobold.

Vanquished Creatures
  A ball python (D:1)
  A bat (D:1)
  A kobold (D:2)
  A quokka (D:1)
4 creatures vanquished.

Notes
Turn   | Place    | Note
-------+----------+-------------------------------------------
     0 | D:1      | hawla the Meteoran Ice Elementalist began the quest for the
                  | Orb.
     0 | D:1      | Reached XP level 1. HP: 14/14 MP: 5/5
    74 | D:1      | Found Juit's Book Boutique.
   148 | D:2      | Reached XP level 2. HP: 5/20 MP: 3/6
   152 | D:3      | Noticed a phantom
   164 | D:3      | Slain by a kobold

Illustrated notes

Levels and vault maps discovered:
D:1:      dpeg_arrival_shelter, layout_loops_ring, serial_shops,
          nicolae_shop_crystal, nicolae_shop_statue_plus, shop, shop
D:2:      layout_loops_ring, hellmonk_ecumenical_altar_blasted
D:3:      layout_basic, mainiacjoe_overflow_catwalk, uniq_grinder

Action                   || total
-------------------------++-------
Melee: Unarmed           ||     7
 Cast: Freeze            ||     7
  Use: Scroll            ||     1
       Potion            ||     1
Armor: Robe              ||     6
Dodge: Dodged            ||    17
